 Dungeon Sprint DCSS version 0.28-a0-1236-gb25a51b929 (webtiles) character file.

Game seed: 7032545875759877347

897 rocky1 the Blocker (level 8, -4/71 HPs)
             Began as a Gnoll Fighter on Dec 26, 2021.
             Was a Believer of Okawaru.
             Slain by a two-headed ogre (15 damage)
             ... in the Dungeon (Sprint VII: "The Pits").
             The game lasted 00:02:55 (1583 turns).

rocky1 the Blocker (Gnoll Fighter)                  Turns: 1583, Time: 00:02:56

Health: -4/71      AC: 16    Str: 17    XL:     8   Next: 7%
Magic:  15/17      EV: 11    Int:  9    God:    Okawaru [**....]
Gold:   0          SH:  7    Dex: 11    Spells: 19/19 levels left

rFire   . . .      SeeInvis .   m - +2 long sword (flame)
rCold   . . .      Faith    .   c - +0 buckler
rNeg    . . .      Spirit   .   n - +3 chain mail
rPois   .          Reflect  .   (no helmet)
rElec   .          Harm     .   (no cloak)
rCorr   .          Rampage  .   (no gloves)
Will    .....      NoTele   +   (no boots)
Stlth   +.........              (no amulet)
HPRegen 0.21/turn               (no ring)
MPRegen 0.15/turn               (no ring)

@: heroic, slowed, very slow
A: fangs 1, strong nose, distributed training
a: Renounce Religion, Heroism


You were in the Dungeon.
You worshipped Okawaru.
Okawaru was pleased with you.
You visited 1 branch

Inventory:

Hand Weapons
 a - a +0 long sword
 m - a +2 long sword of flaming (weapon)
 o - a +3 mace of protection
 p - a +0 shortbow
Missiles
 q - 19 arrows
Armour
 b - a +0 scale mail
 c - a +0 buckler (worn)
 n - a +3 chain mail (worn)
Scrolls
 j - a scroll of blinking
 l - 5 scrolls of amnesia
Potions
 d - a potion of might
 e - 6 potions of curing
 f - 5 potions of heal wounds
 g - a potion of haste
 h - 4 potions of magic
 i - 3 potions of berserk rage
 k - 2 potions of invisibility


   Skills:
 + Level 9.0(14.0) Fighting
 + Level 6.1(11.1) Short Blades
 + Level 7.7(12.7) Long Blades
 + Level 6.1(11.1) Axes
 + Level 6.1(11.1) Maces & Flails
 + Level 6.1(11.1) Polearms
 + Level 6.1(11.1) Staves
 + Level 6.1(11.1) Slings
 + Level 6.1(11.1) Bows
 + Level 6.1(11.1) Crossbows
 + Level 6.1(11.1) Throwing
 + Level 9.0(14.0) Armour
 + Level 6.1(11.1) Dodging
 + Level 6.1(11.1) Stealth
 + Level 9.0(14.0) Shields
 + Level 6.1(11.1) Unarmed Combat
 + Level 6.1 Spellcasting
 + Level 5.0 Conjurations
 + Level 5.0 Hexes
 + Level 5.0 Summonings
 + Level 5.0 Necromancy
 + Level 5.0 Translocations
 + Level 5.0 Transmutations
 + Level 5.0 Fire Magic
 + Level 5.0 Ice Magic
 + Level 5.0 Air Magic
 + Level 5.0 Earth Magic
 + Level 5.0 Poison Magic
 + Level 6.7 Invocations
 + Level 6.1 Evocations


You had 19 spell levels left.
You didn't know any spells.
Your spell library was empty.

Dungeon Overview and Level Annotations

Branches:
Dungeon (1/1)

Altars:
Ashenzari
Cheibriados
Dithmenos
Elyvilon
Fedhas
Gozag
Hepliaklqana
Kikubaaqudgha
Makhleb
Nemelex Xobeh
Okawaru
Qazlal
Ru
Sif Muna
Trog
Uskayaw
Vehumet
Wu Jian
Xom
Yredelemnul
Zin
The Shining One
Beogh
Jiyva
Lugonu


Innate Abilities, Weirdness & Mutations

You have very sharp teeth.
Your uncanny sense of smell can sniff out nearby items.
Your experience applies equally to all skills.


Message History

Your Fire Magic skill increases to level 5!
Your Ice Magic skill increases to level 5!
Your Air Magic skill increases to level 5!
Your Earth Magic skill increases to level 5!
Your Poison Magic skill increases to level 5!
Your Evocations skill increases to level 6!
You have reached level 8!
You feel clever.
You slash the bat! You burn the bat.
You kill the bat!
Okawaru accepts your kill.
You block the two-headed ogre's attack. x2
You hit the two-headed ogre. You burn the two-headed ogre.
The two-headed ogre is lightly wounded.
You barely miss the two-headed ogre. You bite the two-headed ogre.
The two-headed ogre is moderately wounded.
The two-headed ogre hits you with a +0 giant club!!
The two-headed ogre hits you but does no damage.
You hit the two-headed ogre but do no damage.
The two-headed ogre is moderately wounded.
The two-headed ogre hits you with a +0 giant club!
* * * LOW HITPOINT WARNING * * *
The two-headed ogre closely misses you.
You feel much better.
The two-headed ogre hits you with a +0 giant club!
* * * LOW HITPOINT WARNING * * *
The two-headed ogre closely misses you.
You slash the two-headed ogre! You burn the two-headed ogre.
You bite the two-headed ogre, but do no damage.
The two-headed ogre is heavily wounded.
The two-headed ogre closely misses you. The two-headed ogre barely misses you.
You hit the two-headed ogre. You burn the two-headed ogre.
The two-headed ogre is severely wounded.
The two-headed ogre barely misses you. x2
Your chain mail prevents you from hitting the two-headed ogre.
The two-headed ogre is severely wounded.
The two-headed ogre hits you with a +0 giant club!
* * * LOW HITPOINT WARNING * * *
The two-headed ogre hits you with a +0 giant club!
You die...

#.#))...#..##.......#
#.#.)÷..#..##.......#
#.####)##'###...<...#
#.#........##.......#
#.#........##.......#
#'###########.......#
#.......#..##########
#.......#.## ###
#...#...#@# ...#∆∆∆∆
#..###..#O#....#∆∆
#...#...#.'.O..+∆∆
#.......#'#....#∆
#.......).#....#∆
########### ####


You could see a two-headed ogre.

Vanquished Creatures
  A wraith (D)
  A water moccasin (D)
  A swamp drake (D)
  An orc warrior (D)
  A sky beast (D)
  A necrophage (D)
  A centaur (D)
  A scorpion (D)
  3 orc priests (D)
  An orc wizard (D)
  A gnoll (D)
  A river rat (D)
  A white imp (D)
  6 orcs (D)
  A bat (D)
  A giant cockroach (D)
  A quokka (D)
  A frilled lizard (D)
  A jackal skeleton (D)
  A jackal zombie (D)
  A kobold (D)
  A rat (D)
29 creatures vanquished.

Notes
Turn   | Place    | Note
-------+----------+-------------------------------------------
     0 | D        | rocky1 the Gnoll Fighter began the quest for the Orb.
     0 | D        | Reached XP level 1. HP: 23/23 MP: 1/1
    21 | D        | Found a bloodstained altar of Trog.
    21 | D        | Found a shimmering blue altar of Sif Muna.
    21 | D        | Found a viscous altar of Jiyva.
    21 | D        | Found a hazy altar of Hepliaklqana.
    21 | D        | Found an opulent altar of Gozag.
    22 | D        | Found a glowing golden altar of the Shining One.
    22 | D        | Found a glowing silver altar of Zin.
    22 | D        | Found a basalt altar of Yredelemnul.
    22 | D        | Found a shimmering altar of Xom.
    22 | D        | Found an ornate altar of the Wu Jian Council.
    22 | D        | Found a sacrificial altar of Ru.
    22 | D        | Found a stormy altar of Qazlal.
    22 | D        | Found an iron altar of Okawaru.
    22 | D        | Found a sparkling altar of Nemelex Xobeh.
    22 | D        | Found a burning altar of Makhleb.
    22 | D        | Found a blossoming altar of Fedhas.
    22 | D        | Found a white marble altar of Elyvilon.
    22 | D        | Found a shadowy altar of Dithmenos.
    22 | D        | Found a snail-covered altar of Cheibriados.
    25 | D        | Found a corrupted altar of Lugonu.
    25 | D        | Found a radiant altar of Vehumet.
    26 | D        | Found an ancient bone altar of Kikubaaqudgha.
    26 | D        | Found a hide-covered altar of Uskayaw.
    26 | D        | Found a broken altar of Ashenzari.
    30 | D        | Became a worshipper of Warmaster Okawaru
    93 | D        | Reached skill level 1 in Invocations
   117 | D        | Noticed an orc priest
   119 | D        | Reached skill level 1 in Short Blades
   119 | D        | Reached skill level 1 in Axes
   119 | D        | Reached skill level 1 in Maces & Flails
   119 | D        | Reached skill level 1 in Polearms
   119 | D        | Reached skill level 1 in Staves
   119 | D        | Reached skill level 1 in Slings
   119 | D        | Reached skill level 1 in Bows
   119 | D        | Reached skill level 1 in Crossbows
   119 | D        | Reached skill level 1 in Throwing
   119 | D        | Reached skill level 1 in Dodging
   119 | D        | Reached skill level 1 in Stealth
   119 | D        | Reached skill level 1 in Unarmed Combat
   119 | D        | Reached skill level 1 in Spellcasting
   119 | D        | Reached skill level 1 in Evocations
   119 | D        | Reached XP level 2. HP: 25/29 MP: 3/3
   133 | D        | Reached skill level 5 in Long Blades
   133 | D        | Reached skill level 1 in Conjurations
   133 | D        | Reached skill level 1 in Hexes
   133 | D        | Reached skill level 1 in Summonings
   133 | D        | Reached skill level 1 in Necromancy
   133 | D        | Reached skill level 1 in Translocations
   133 | D        | Reached skill level 1 in Transmutations
   133 | D        | Reached skill level 1 in Fire Magic
   133 | D        | Reached skill level 1 in Ice Magic
   133 | D        | Reached skill level 1 in Air Magic
   133 | D        | Reached skill level 1 in Earth Magic
   133 | D        | Reached skill level 1 in Poison Magic
   133 | D        | Reached XP level 3. HP: 29/35 MP: 3/6
   138 | D        | Reached XP level 4. HP: 14/43 MP: 3/7
   566 | D        | Noticed a scorpion
   593 | D        | Killed a scorpion
   593 | D        | Reached * piety under Okawaru
   594 | D        | Reached XP level 5. HP: 28/48 MP: 7/9
   914 | D        | Noticed a necrophage
   916 | D        | Noticed a water moccasin
   926 | D        | Killed a water moccasin
   927 | D        | Reached XP level 6. HP: 44/56 MP: 9/12
   937 | D        | Killed a necrophage
   938 | D        | Reached skill level 5 in Invocations
  1012 | D        | Reached skill level 5 in Short Blades
  1012 | D        | Reached skill level 5 in Axes
  1012 | D        | Reached skill level 5 in Maces & Flails
  1012 | D        | Reached skill level 5 in Polearms
  1012 | D        | Reached skill level 5 in Staves
  1012 | D        | Reached skill level 5 in Slings
  1012 | D        | Reached skill level 5 in Bows
  1012 | D        | Reached skill level 5 in Crossbows
  1012 | D        | Reached skill level 5 in Throwing
  1012 | D        | Reached skill level 5 in Dodging
  1012 | D        | Reached skill level 5 in Stealth
  1012 | D        | Reached skill level 5 in Unarmed Combat
  1012 | D        | Reached skill level 5 in Spellcasting
  1012 | D        | Reached skill level 5 in Evocations
  1012 | D        | Reached XP level 7. HP: 29/63 MP: 14/14
  1201 | D        | Reached ** piety under Okawaru
  1564 | D        | Noticed a two-headed ogre
  1564 | D        | Noticed a wraith
  1575 | D        | Killed a wraith
  1576 | D        | Reached skill level 5 in Conjurations
  1576 | D        | Reached skill level 5 in Hexes
  1576 | D        | Reached skill level 5 in Summonings
  1576 | D        | Reached skill level 5 in Necromancy
  1576 | D        | Reached skill level 5 in Translocations
  1576 | D        | Reached skill level 5 in Transmutations
  1576 | D        | Reached skill level 5 in Fire Magic
  1576 | D        | Reached skill level 5 in Ice Magic
  1576 | D        | Reached skill level 5 in Air Magic
  1576 | D        | Reached skill level 5 in Earth Magic
  1576 | D        | Reached skill level 5 in Poison Magic
  1576 | D        | Reached XP level 8. HP: 46/71 MP: 14/17
  1583 | D        | Slain by a two-headed ogre

Illustrated notes

Levels and vault maps discovered:
D:        pitsprint [storerooms_1, entrance_room_1, metal_vault_7, armoury_3,
          mini_pit_1, grid_room_1, main_hall_1, silver_pit, the_coven_3,
          the_vestibule_1, steel_vault_5, golden_pit, hallway_of_sentries,
          crystal_vault_4, iron_vault_4, final_vault]

Skill      XL: |  1  2  3  4  5  6  7 |
---------------+----------------------+-----
Invocations    | 1 2 3 4 5 6 |  6.7
Short Blades   | 1 2 3 4 5 6 |  6.1
Axes           | 1 2 3 4 5 6 |  6.1
Maces & Flails | 1 2 3 4 5 6 |  6.1
Polearms       | 1 2 3 4 5 6 |  6.1
Staves         | 1 2 3 4 5 6 |  6.1
Slings         | 1 2 3 4 5 6 |  6.1
Bows           | 1 2 3 4 5 6 |  6.1
Crossbows      | 1 2 3 4 5 6 |  6.1
Throwing       | 1 2 3 4 5 6 |  6.1
Dodging        | 1 2 3 4 5 6 |  6.1
Stealth        | 1 2 3 4 5 6 |  6.1
Unarmed Combat | 1 2 3 4 5 6 |  6.1
Spellcasting   | 1 2 3 4 5 6 |  6.1
Evocations     | 1 2 3 4 5 6 |  6.1
Long Blades    | 5 6 7 |  7.7
Conjurations   | 1 2 3 4 5 |  5.0
Hexes          | 1 2 3 4 5 |  5.0
Summonings     | 1 2 3 4 5 |  5.0
Necromancy     | 1 2 3 4 5 |  5.0
Translocations | 1 2 3 4 5 |  5.0
Transmutations | 1 2 3 4 5 |  5.0
Fire Magic     | 1 2 3 4 5 |  5.0
Ice Magic      | 1 2 3 4 5 |  5.0
Air Magic      | 1 2 3 4 5 |  5.0
Earth Magic    | 1 2 3 4 5 |  5.0
Poison Magic   | 1 2 3 4 5 |  5.0
Fighting       | 7 8 9 |  9.0
Armour         | 7 8 9 |  9.0
Shields        | 7 8 9 |  9.0

Action                   |  1- 3 |  4- 6 |  7- 9 || total
-------------------------+-------+-------+-------++-------
Melee: Long sword        |    27 |    56 |    46 ||   129
       Bite              |     4 |     4 |     7 ||    15
Invok: Heroism           |       |     2 |     3 ||     5
  Use: Potion            |       |       |     1 ||     1
Armor: Scale mail        |     9 |     5 |       ||    14
       Chain mail        |       |    24 |    14 ||    38
Dodge: Dodged            |    13 |    23 |    19 ||    55
Block: Buckler           |    12 |    16 |     5 ||    33

Table legend: (Time is in decaauts)
 A = Elapsed time spent in this place.
 B = Non-inter-level travel time spent in this place.
 C = Inter-level travel time spent in this place.
 D = Time resting spent in this place.
 E = Time spent auto-exploring this place.
 F = Levels seen in this place.
 G = Mean time per level.
                   A        B        C        D        E       F      G
               +--------+--------+--------+--------+--------+-----+--------+
         Total |   1585 |   1568 |     17 |   1209 |      0 |   1 | 1585.0 |
       Dungeon |   1585 |   1568 |     17 |   1209 |      0 |   1 | 1585.0 |
               +--------+--------+--------+--------+--------+-----+--------+

Top non-repeatable levels by time:
       D: 1585 daAuts
